 Dungeon Crawl Stone Soup version bcrawl-1.40.3b (webtiles) character file.

Game seed: 10961443499805434001

545950 Galewind the Scorcher (level 17, 0/96 HPs)
             Began as an Avariel Conjurer on Mar 1, 2024.
             Was a High Priest of Vehumet.
             Slain by a salamander (9 damage)
             ... on level 2 of the Lair of Beasts.
             The game lasted 00:35:33 (25517 turns).

Galewind the Scorcher (Avariel Conjurer)           Turns: 25517, Time: 00:35:34

Health: 0/96       AC:  8    Str:  6    XL:     17   Next: 7%
Magic:  28/45      EV: 25    Int: 29    God:    Vehumet [*****.]
Gold:   436        SH:  0    Dex: 19    Spells: 18/42 levels left

rFire    . . .     GDR:     30% n - +1 dagger (venom)
rCold    . . .     SeeInvis .   (no shield)
rNeg     . . .     Gourm    +   a - +2 robe {MR+}
rPois    .         Faith    .   O - +2 hat {MR+}
rElec    .         Spirit   .   (no cloak)
rCorr    .         Reflect  .   (no gloves)
MR       +++..                  d - +1 pair of boots
Stlth    ++........             F - amulet of the gourmand
HPRegen  0.26/turn              M - ring of magical power
MPRegen  0.29/turn              b - +6 ring of dexterity

@: lethally poisoned (0 -> -5), flying quickly and evasively, quick
A: able to fly
a: Stop Flying, Renounce Religion


You were on level 2 of the Lair of Beasts.
You worshipped Vehumet.
Vehumet was extremely pleased with you.
You were not hungry.

You visited 5 branches of the dungeon, and saw 21 of its levels.
You also visited: Ossuary.

You collected 2299 gold pieces.
You spent 1863 gold pieces at shops.

Inventory:

Hand Weapons
 n - a +1 dagger of venom (weapon)
Armour
 a - a +2 robe of magic resistance (worn)
 d - a +1 pair of boots (worn)
 O - a +2 hat of magic resistance (worn)
Magical Staves
 s - an uncursed staff of earth
Jewellery
 b - a +6 ring of dexterity (right hand)
 t - an uncursed ring of protection from cold
 E - an uncursed ring of resist corrosion
 F - an amulet of the gourmand (around neck)
 M - a ring of magical power (left hand)
Wands
 h - a wand of flame (38)
 i - a wand of random effects (7)
 p - a wand of polymorph (31)
 r - a wand of iceblast (11)
 K - a wand of charming (12)
 N - a wand of paralysis (16)
Scrolls
 g - 12 scrolls of remove curse
 k - 2 scrolls of noise
 q - 5 scrolls of teleportation
 v - 7 scrolls of revelation
 x - 5 scrolls of fog
 y - a scroll of enchant weapon
 C - 2 scrolls of enchant armour
 D - 2 scrolls of amnesia
 G - 2 scrolls of vulnerability
 I - a scroll of immolation
 S - 2 scrolls of fear
Potions
 c - 2 potions of berserk rage
 f - 5 potions of curing
 j - 5 potions of agility
 l - 8 potions of brilliance
 m - 4 potions of heal wounds
 o - 3 potions of flight
 u - a potion of lignification
 w - 4 potions of mutation
 z - 2 potions of might
 A - 3 potions of haste
 H - 2 potions of invisibility
 J - 2 potions of magic
 L - a potion of resistance
 Q - a potion of cancellation
Miscellaneous
 B - a sack of spiders
Comestibles
 e - 36 rations {!d}


   Skills:
 + Level 7.0 Fighting
 - Level 10.0 Short Blades
 + Level 10.9 Dodging
 - Level 2.1 Stealth
   Level 0.2 Shields
 - Level 13.0 Spellcasting
 - Level 16.0 Conjurations
 - Level 10.0 Hexes
 - Level 7.0 Charms
 - Level 19.0 Fire Magic
 - Level 1.9 Evocations


You had 18 spell levels left.
You knew the following spells:

 Your Spells              Type           Power        Failure   Level  Hunger
a - Magic Dart            Conj           ####         0%          1    None
b - Searing Ray           Conj           #######.     0%          2    None
c - Iskenderun's Mystic   Conj           #######.     0%          3    None
d - Ignition              Hex/Fire       #######...   13%         8    #######
e - Iskenderun's Battles  Conj/Chrm      ######..     1%          5    #......
f - Fireball              Conj/Fire      #######...   1%          5    #......

Your spell library contained the following spells:

 Spells                   Type           Power        Failure   Level  Hunger
 Conjure Flame            Conj/Fire      #######.     0%          3    None
 Sting                    Conj/Pois      ####         1%          1    None
 Confuse                  Hex            ######..     1%          3    None
 Dazzling Orbs            Conj/Hex       #######      1%          3    None
 Ignite Poison            Fire/Tmut/Pois ######..     1%          3    None
 Mephitic Cloud           Conj/Pois/Air  #####...     1%          3    None
 Spectral Weapon          Hex/Chrm       ######..     1%          3    None
 Stone Arrow              Conj/Erth      ######       1%          3    None
 Fulminant Prism          Conj/Hex       #######...   1%          4    None
 Yara's Violent Unravell  Hex/Tmut       #####.....   1%          4    None
 Irradiate                Conj/Tmut      ######....   1%          5    #......
 Venom Bolt               Conj/Pois      ######....   1%          5    #......
 Summon Small Mammal      Summ           ###.         2%          1    None
 Tree Form                Hex/Tmut       N/A          3%          4    None
 Mana Rupture             Conj/Hex       #######...   3%          7    #####..
 Blink                    Tloc           N/A          4%          2    None
 Call Imp                 Summ           ###...       4%          2    None
 Corpse Rot               Necr           N/A          4%          2    None
 Poisonous Vapours        Pois/Air       ###...       4%          2    None
 Poison Arrow             Conj/Pois      ######....   4%          6    ####...
 Call Canine Familiar     Summ           ###.....     9%          3    None
 Spider Form              Tmut/Pois      ###          9%          3    None
 Metabolic Englaciation   Hex/Ice        #####.....   10%         5    #......
 Silence                  Hex/Air        #####.....   10%         5    #......
 Olgreb's Toxic Radiance  Pois           ###......    26%         4    None
 Petrify                  Tmut/Erth      ###.......   26%         4    None
 Summon Ice Beast         Ice/Summ       ###.....     26%         4    None
 Summon Scorpions         Summ/Pois      ###.....     26%         4    None
 Discord                  Hex            ######....   36%         7    #####..
 Summon Forest            Summ/Tloc      ###.......   58%         5    #......
 Summon Lightning Spire   Summ/Air       ###.....     58%         5    #......
 Infestation              Hex/Tmut/Pois  #####....    73%         6    ####...
 Summon Hydra             Summ           ###.......   99%         6    ####...
 Blight                   Necr/Pois      ###......    100%        7    #####..


Dungeon Overview and Level Annotations

Branches:
Dungeon (12/12)            Temple (1/1) D:6            Lair (6/6) D:9
 Shoals (0/3) Lair:2        Snake (1/3) Lair:2        Slime (0/5) Orc
    Orc (1/1) D:8          Vaults (0/3) D:12         Forest (0/3) Lair:6
 Depths (0/5) D:12

Altars:
Ashenzari
Cheibriados
Dithmenos
Elyvilon
Fedhas
Gozag
Hepliaklqana
Kikubaaqudgha
Lugonu
Makhleb
Nemelex Xobeh
Okawaru
Qazlal
Ru
Sif Muna
Trog
Uskayaw
Vehumet
Wu Jian
Xom
Yredelemnul
Zin
The Shining One
Jiyva

Shops:
D:4 [   D:7 }%?   D:10 ?   D:12 (   Orc :(![?

Annotations:
Lair:3 3 runed translucent doors, PlayerOfArmor's ghost, journeyman SDFE


Innate Abilities, Weirdness & Mutations

You can fly continuously.


Message History

* * * LOW HITPOINT WARNING * * *
Casting: Iskenderun's Mystic Blast (safe; 0% risk of failure)
Confirm with . or Enter, or press ? or * to list all spells.
Aiming: Iskenderun's Mystic Blast (safe; 0% risk of failure)
Press: ? - help, Shift-Dir - straight line, f/p - salamander
Aim: a salamander, quivering 143 arrows (moderately wounded)
The orb of energy hits the salamander!!
The salamander is heavily wounded.
You feel sick. The salamander completely misses you.
Casting: Iskenderun's Mystic Blast (safe; 0% risk of failure)
Confirm with . or Enter, or press ? or * to list all spells.
Aiming: Iskenderun's Mystic Blast (safe; 0% risk of failure)
Press: ? - help, Shift-Dir - straight line, f/p - salamander
Aim: a salamander, quivering 143 arrows (heavily wounded)
The orb of energy hits the salamander!
The salamander is almost dead.
The salamander hits you.
* * * LOW HITPOINT WARNING * * *
You are engulfed in flames!
You die...

### ### ##....###...##
##P..###...## #.P...###...#
###..P# #..P# ##..###P..# #
#...#...## # #######......## #
#..##.P.......############
###...#....@N....#....#.P#.#
##............##.............
###....P#.#P..#.##.P...........
##....######...####.###.#.......
#....## ##...##..####.......#
#....## #....#.P..# #........
##.....# ##...####..###.......#
#.#....# ##.P.#.##.....P.......#
###...#####.#...######P.......#..


You could see a salamander.

Vanquished Creatures
  Gastronok (D:10)
  Rupert (Lair:6)
  Frances (D:10)
  Kirke (Lair:6)
  A nagaraja (Snake:1)
  Louise (D:12)
  5 dire elephants (Lair:6)
  Azrael (Orc)
  An ettin (shapeshifter) (D:12)
  Urug (Lair:6)
  A rakshasa (D:12)
  Erolcha (D:9)
  3 naga warriors (Snake:1)
  8 vault guards (D:12)
  An ogre mage (Orc)
  Fannar (Lair:3)
  10 hydras
  A catoblepas (Lair:4)
  2 anacondas
  4 two-headed ogres
  Nergalle (Orc)
  5 centaur warriors
  A lindwurm (Lair:4)
  A cyclops (D:11)
  A wolf spider zombie (D:12)
  A glowing orange brain (D:12)
  Pikel (D:6)
  An orc knight (Orc)
  A mana viper (Snake:1)
  5 ugly things (D:12)
  A naga mage (Snake:1)
  8 orc sorcerers (Orc)
  5 oklob plants
  A deep elf mage (D:12)
  2 manticores
  4 elephants (Lair:6)
  10 black mambas
  A gargoyle (D:11)
  A rime drake (Lair:3)
  22 cane toads
  A kobold demonologist (D:12)
  6 komodo dragons
  A tengu conjurer (D:12)
  2 trolls (D:11)
  A polar bear (Lair:3)
  A polar bear (shapeshifter) (D:12)
  2 hornets
  3 hippogriffs
  A queen bee (Lair:1)
  11 blink frogs
  9 slime creatures
  5 dream sheep (Lair:6)
  A meliai zombie (D:11)
  Grum (D:9)
  A shadow (D:10)
  Sigmund (D:6)
  A wraith (Ossuary)
  59 yaks
  A wyvern (D:10)
  A basilisk (Lair:4)
  A fire elemental (Orc)
  5 hogs
  A hungry ghost (D:11)
  Edmund (D:6)
  A warg (Orc)
  15 crocodiles
  14 water moccasins
  A naga (Snake:1)
  4 hell hounds (Orc)
  An acid dragon (D:12)
  11 orc warriors
  13 porcupines
  3 ice beasts
  4 sky beasts
  A slave (D:6)
  A soldier ant (D:11)
  3 phantoms
  15 ogres
  3 necrophages
  19 wolves
  A blink frog skeleton (D:10)
  A kobold brigand (D:10)
  13 bullfrogs
  An elf zombie (Ossuary)
  Blork the orc (D:12)
  14 centaurs
  4 scorpions
  2 wyvern skeletons
  29 killer bees
  2 electric eels (Lair:6)
  25 wights
  7 howler monkeys
  10 orc priests
  6 crimson imps
  A quasit (D:11)
  A gnoll shaman (D:8)
  3 hounds
  Ijyb (D:3)
  5 jellies
  28 orc wizards
  A bullfrog skeleton (D:5)
  Jessica (D:3)
  An iguana (D:11)
  7 worker ants
  A hound zombie (D:5)
  2 hound skeletons
  3 mummies (Ossuary)
  11 gnolls
  A river rat (D:6)
  14 adders
  5 shadow imps
  6 oozes
  An adder skeleton (D:6)
  A worm (D:2)
  3 dart slugs
  4 leopard geckos
  78 orcs
  6 bats
  7 giant cockroaches
  10 hobgoblins
  A jackal (D:2)
  2 quokkas (D:3)
  2 ball pythons (D:1)
  A frilled lizard (D:1)
  6 goblins
  A goblin zombie (Ossuary)
  2 hobgoblin zombies (Ossuary)
  A jackal skeleton (D:6)
  8 kobolds
  An orc zombie (Ossuary)
  3 rats
  5 fungi
  7 plants
703 creatures vanquished.

Vanquished Creatures (others)
  A meliai zombie (D:11)
  A human (Lair:6)
  7 fungi
  13 plants
22 creatures vanquished.

Grand Total: 725 creatures vanquished

Notes
Turn   | Place    | Note
-------+----------+-------------------------------------------
     0 | D:1      | Galewind the Avariel Conjurer began the quest for the Orb.
     0 | D:1      | Reached XP level 1. HP: 10/10 MP: 6/6
     8 | D:1      | Got a translucent platinum ring
   167 | D:1      | Reached XP level 2. HP: 15/15 MP: 5/7
  1028 | D:1      | Identified the ring "Pivediss" {+Fly rC+ MR+ Slay-6} (You
                  | found it on level 1 of the Dungeon)
  1298 | D:2      | Learned a level 2 spell: Searing Ray
  1310 | D:2      | Reached XP level 3. HP: 19/19 MP: 3/9
  1314 | D:2      | Learned a level 3 spell: Iskenderun's Mystic Blast
  1689 | D:2      | Reached XP level 4. HP: 24/24 MP: 3/11
  2197 | D:3      | Noticed Ijyb
  2215 | D:3      | Killed Ijyb
  2360 | D:3      | Found a shadowy altar of Dithmenos.
  2398 | D:3      | Reached XP level 5. HP: 28/28 MP: 6/13
  2665 | D:3      | Reached skill level 1 in Evocations
  2791 | D:3      | Reached XP level 6. HP: 32/32 MP: 12/15
  2996 | D:3      | Noticed Jessica
  2999 | D:3      | Killed Jessica
  3050 | D:3      | Identified Jessica's Handbook of Unholy Secrets
  3160 | D:4      | Found Busoc's Antique Armour Boutique.
  3220 | D:4      | Reached skill level 5 in Spellcasting
  3399 | D:4      | HP: 1/32 [centaur (6)]
  3403 | D:4      | Reached XP level 7. HP: 11/36 MP: 0/17
  3816 | D:5      | Entered Level 5 of the Dungeon
  4250 | D:5      | Found a sand-covered staircase.
  4255 | Ossuary  | Entered an ossuary
  4255 | Ossuary  | Noticed a wraith
  4255 | Ossuary  | Noticed a wraith
  4255 | Ossuary  | Noticed a wraith
  4538 | Ossuary  | Noticed a wraith
  4543 | Ossuary  | Killed a wraith
  5425 | D:6      | Reached skill level 10 in Conjurations
  5425 | D:6      | Reached XP level 8. HP: 41/41 MP: 10/20
  5614 | D:6      | Noticed Sigmund
  5644 | D:6      | Killed Sigmund
  5857 | D:6      | Noticed Edmund
  5862 | D:6      | Killed Edmund
  5923 | D:6      | Found a staircase to the Ecumenical Temple.
  5927 | D:6      | Noticed Pikel
  5929 | D:6      | Gained mutation: You can fly continuously. [Avariel growth]
  5929 | D:6      | Reached XP level 9. HP: 45/45 MP: 8/23
  5981 | D:6      | Killed Pikel
  6074 | D:6      | Got a bloodstained ring mail
  6150 | D:6      | Noticed a two-headed ogre
  6152 | D:6      | Killed a two-headed ogre
  6153 | D:6      | Reached skill level 10 in Spellcasting
  6552 | Temple   | Entered the Ecumenical Temple
  6985 | Temple   | Became a worshipper of Vehumet
  7022 | D:7      | Reached skill level 1 in Fighting
  7027 | D:7      | Found Niufubli's Gadget Boutique.
  7056 | D:7      | Reached skill level 5 in Dodging
  7198 | D:7      | Found Atheoh's Magic Scroll Boutique.
  7224 | D:7      | Reached XP level 10. HP: 52/52 MP: 22/26
  7485 | D:7      | Found Yqileth's Food Boutique.
  7746 | D:8      | Learned a level 8 spell: Ignition
  7763 | D:8      | Found a staircase to the Orcish Mines.
  7766 | D:8      | Reached * piety under Vehumet
  7766 | D:8      | Offered knowledge of Sandblast by Vehumet.
  7786 | D:8      | Found a roughly hewn altar of Beogh.
  8427 | D:8      | Found a stormy altar of Qazlal.
  8882 | D:9      | Noticed Grum
  8885 | D:9      | Reached skill level 10 in Dodging
  8890 | D:8      | Reached ** piety under Vehumet
  8890 | D:8      | Offered knowledge of Sting by Vehumet.
  9123 | D:9      | Noticed Erolcha
  9133 | D:9      | Reached skill level 1 in Short Blades
  9133 | D:9      | Reached skill level 1 in Hexes
  9133 | D:9      | Reached skill level 1 in Fire Magic
  9139 | D:8      | Reached XP level 11. HP: 61/61 MP: 2/27
  9151 | D:8      | Reached skill level 2 in Fire Magic
  9228 | D:9      | Killed Erolcha
  9229 | D:9      | Reached skill level 3 in Fire Magic
  9283 | D:9      | Found a staircase to the Lair.
  9472 | D:9      | Noticed a two-headed ogre
  9480 | D:9      | Killed a two-headed ogre
  9481 | D:9      | Reached skill level 4 in Fire Magic
  9620 | D:9      | Noticed a two-headed ogre
  9625 | D:9      | Killed a two-headed ogre
  9630 | D:9      | Reached skill level 5 in Hexes
  9792 | D:9      | Killed Grum
  9860 | D:9      | Offered knowledge of Stone Arrow by Vehumet.
 10025 | Lair:1   | Entered Level 1 of the Lair of Beasts
 10068 | Lair:1   | Reached skill level 5 in Short Blades
 10068 | Lair:1   | Reached skill level 5 in Fire Magic
 10234 | Lair:1   | Reached *** piety under Vehumet
 10640 | Lair:1   | Reached XP level 12. HP: 48/66 MP: 6/28
 10979 | Lair:1   | Offered knowledge of Lightning Bolt by Vehumet.
 11575 | Lair:1   | Reached **** piety under Vehumet
 11703 | Lair:1   | Offered knowledge of Bolt of Magma by Vehumet.
 11793 | Lair:1   | Reached skill level 10 in Short Blades
 12092 | Lair:1   | Reached skill level 6 in Fire Magic
 12767 | Lair:2   | Found a staircase to the Snake Pit.
 12814 | Lair:2   | Reached skill level 7 in Fire Magic
 13169 | Lair:2   | Found a staircase to the Shoals.
 13670 | Lair:3   | Reached ***** piety under Vehumet
 13670 | Lair:3   | Offered knowledge of Bolt of Fire by Vehumet.
 13708 | Lair:3   | Found a runed translucent gate.
 13709 | Lair:3   | Found a runed translucent gate.
 13710 | Lair:3   | Found a runed translucent gate.
 13841 | Lair:3   | Reached skill level 8 in Fire Magic
 14024 | Lair:3   | Noticed Fannar
 14031 | Lair:3   | Killed Fannar
 14032 | Lair:3   | Reached XP level 13. HP: 70/70 MP: 19/29
 14110 | Lair:3   | Reached skill level 9 in Fire Magic
 14224 | Lair:3   | Reached skill level 10 in Hexes
 14736 | Lair:3   | Noticed PlayerOfArmor's ghost (journeyman SDFE)
 14749 | Lair:4   | Found a radiant altar of Vehumet.
 14923 | Lair:4   | Reached skill level 10 in Fire Magic
 17039 | Lair:6   | Entered Level 6 of the Lair of Beasts
 17046 | Lair:6   | Noticed Kirke
 17108 | Lair:6   | Found a staircase to the Spriggan Forest.
 17116 | Lair:6   | Noticed Rupert
 17135 | Lair:6   | Killed Rupert
 17214 | Lair:6   | Reached XP level 14. HP: 76/76 MP: 26/32
 17217 | Lair:6   | Reached skill level 15 in Conjurations
 17222 | Lair:6   | Offered knowledge of Conjure Ball Lightning by Vehumet.
 17367 | Lair:6   | Killed Kirke
 17812 | Lair:6   | Noticed Urug
 17818 | Lair:6   | Killed Urug
 18493 | Lair:6   | Reached skill level 11 in Fire Magic
 18510 | Lair:6   | Noticed a dire elephant
 18510 | Lair:6   | Noticed a dire elephant
 18517 | Lair:6   | Noticed a dire elephant
 18571 | Lair:6   | Noticed a dire elephant
 18574 | Lair:6   | Noticed a dire elephant
 18583 | Lair:6   | Killed a dire elephant
 18584 | Lair:6   | Noticed a dire elephant
 18595 | Lair:6   | Killed a dire elephant
 18794 | Lair:6   | Killed a dire elephant
 18903 | Lair:6   | Reached skill level 12 in Fire Magic
 19019 | Lair:6   | Killed a dire elephant
 19088 | Lair:6   | Killed a dire elephant
 19151 | Lair:6   | Reached XP level 15. HP: 86/86 MP: 34/34
 19528 | Lair:6   | Identified the Guide on the Oath
 19707 | Orc      | Entered the Orcish Mines
 20128 | Orc      | Noticed Azrael
 20461 | Orc      | Reached skill level 13 in Fire Magic
 20545 | Orc      | Killed Azrael
 20839 | Orc      | Found Fiafir's Antique Weapon Shoppe.
 20874 | Orc      | Offered knowledge of Iskenderun's Battlesphere by Vehumet.
 20945 | Orc      | Found a viscous altar of Jiyva.
 20945 | Orc      | Found a staircase to the Slime Pits.
 20945 | Orc      | Found a viscous altar of Jiyva.
 21226 | Orc      | Found Vetuepa's Magic Scroll Emporium.
 21324 | Orc      | Found a radiant altar of Vehumet.
 21352 | Orc      | Found Xuuqargh's Antique Armour Shoppe.
 21364 | Orc      | Noticed Nergalle
 21367 | Orc      | Killed Nergalle
 21368 | Orc      | Reached XP level 16. HP: 92/92 MP: 35/35
 21453 | Orc      | Found a roughly hewn altar of Beogh.
 21453 | Orc      | Found Ethronent's Book Emporium.
 21484 | Orc      | Found Ihos's Distillery.
 21492 | Orc      | Bought a manual of Fire Magic for 1324 gold pieces
 21500 | Orc      | Bought a potion of heal wounds for 70 gold pieces
 21500 | Orc      | Bought a potion of heal wounds for 70 gold pieces
 21500 | Orc      | Bought a potion of curing for 35 gold pieces
 21525 | Orc      | Found an ancient bone altar of Kikubaaqudgha.
 21554 | Orc      | Reached skill level 14 in Fire Magic
 21569 | Orc      | Bought a scroll of identify for 28 gold pieces
 21569 | Orc      | Bought a scroll of identify for 28 gold pieces
 21569 | Orc      | Bought a scroll of identify for 28 gold pieces
 21569 | Orc      | Bought a scroll of revelation for 56 gold pieces
 21569 | Orc      | Bought a scroll of revelation for 56 gold pieces
 21569 | Orc      | Bought a scroll of identify for 28 gold pieces
 21569 | Orc      | Bought a scroll of teleportation for 42 gold pieces
 21569 | Orc      | Bought 2 scrolls of fog for 56 gold pieces
 21569 | Orc      | Bought a scroll of teleportation for 42 gold pieces
 21783 | D:10     | Entered Level 10 of the Dungeon
 21961 | D:10     | Found Jakaziocy's Magic Scroll Emporium.
 22263 | D:10     | Noticed Gastronok
 22273 | D:10     | Killed Gastronok
 22274 | D:10     | Reached skill level 15 in Fire Magic
 22424 | D:10     | Learned a level 5 spell: Iskenderun's Battlesphere
 22545 | D:10     | Reached skill level 1 in Charms
 22648 | D:10     | Noticed Frances
 22759 | D:10     | Killed Frances
 23310 | D:11     | Offered knowledge of Fireball by Vehumet.
 23314 | D:11     | Reached skill level 5 in Charms
 24156 | D:11     | Learned a level 5 spell: Fireball
 24157 | D:12     | Entered Level 12 of the Dungeon
 24163 | D:12     | Reached skill level 16 in Fire Magic
 24224 | D:12     | Noticed Louise
 24230 | D:12     | Killed Louise
 24323 | D:12     | Found Gyma's Weapon Emporium.
 24406 | D:12     | Found a gate to the Vaults.
 24410 | D:12     | Reached skill level 17 in Fire Magic
 24466 | D:12     | Reached skill level 18 in Fire Magic
 24822 | D:12     | Noticed Blork the orc
 24824 | D:12     | Killed Blork the orc
 24840 | D:12     | Found a shimmering blue altar of Sif Muna.
 25077 | D:12     | Found a staircase to the Depths.
 25299 | D:12     | Reached skill level 19 in Fire Magic
 25506 | Snake:1  | Entered Level 1 of the Snake Pit
 25506 | Snake:1  | Noticed a nagaraja
 25511 | Snake:1  | Killed a nagaraja
 25512 | Snake:1  | Reached XP level 17. HP: 57/96 MP: 36/36
 25517 | Lair:2   | Slain by a salamander

Skill      XL: |  1  2  3  4  5  6  7  8  9 10 11 12 13 14 15 16 |
---------------+-------------------------------------------------+-----
Conjurations   | 6 7 8 10 11 12 14 16 | 16.0
Spellcasting   | 3 4 5 6 8 10 12 13 | 13.0
Evocations     | 1 |  1.9
Dodging        | 3 6 10 | 10.9
Fighting       | 1 4 7 |  7.0
Short Blades   | 1 7 10 | 10.0
Hexes          | 1 6 9 10 | 10.0
Fire Magic     | 1 5 8 10 12 13 19 | 19.0
Charms         | 7 |  7.0
Stealth        | |  2.1
Shields        | |  0.2

Action                   |  1- 3 |  4- 6 |  7- 9 | 10-12 | 13-15 | 16-18 || total
-------------------------+-------+-------+-------+-------+-------+-------++-------
Melee: Staff             |       |     3 |    14 |     5 |       |       ||    22
       Dagger            |       |       |    11 |    61 |    25 |       ||    97
 Cast: Magic Dart        |    67 |    37 |       |       |       |       ||   104
       Searing Ray       |     1 |     8 |     6 |     5 |       |       ||    20
       Iskenderun's Myst |       |    26 |    80 |   358 |   457 |   280 ||  1201
       Fireball          |       |       |       |       |       |    12 ||    12
       Iskenderun's Batt |       |       |       |       |       |    11 ||    11
       Ignition          |       |       |       |       |       |    11 ||    11
Evoke: Wand              |       |    10 |       |     3 |     1 |       ||    14
  Use: Scroll            |     1 |     4 |     2 |    15 |    11 |     6 ||    39
       Potion            |       |     1 |       |     3 |     2 |       ||     6
  Eat: Chunk             |     3 |     9 |     9 |    16 |    15 |    11 ||    63
       Ration            |       |       |     2 |     3 |     4 |     3 ||    12
Armor: Robe              |     1 |     7 |    14 |    43 |    21 |     5 ||    91
Dodge: Dodged            |    10 |    21 |    28 |   226 |   115 |    65 ||   465
